 Dungeon Crawl Stone Soup version 0.31-a0-75-g6fe912e8c5 (webtiles) character file.

Game seed: 16442881078424893812

1730024 Flugkiller the Ninja (level 25, 156/156 HPs)
             Began as a Spriggan Monk on May 24, 2023.
             Was a High Priest of Trog.
             Escaped with the Orb
             ... and 3 runes!
             The game lasted 01:55:01 (62097 turns).

Flugkiller the Ninja (Spriggan Monk)               Turns: 62097, Time: 01:55:01

Health: 156/156    AC: 11    Str: 16    XL:     25   Next: 44%
Magic:  8/8        EV: 63    Int: 20    God:    Trog [*****.]
Gold:   4841       SH: 13    Dex: 36    Spells: 24/24 levels left

rFire   + . .        j - +9 quick blade (antimagic)
rCold   + + .        Z - +2 buckler {AC+3}
rNeg    . . .        H - +1 toga "Victory" {*Victory Int+1 Slay+1 Clar}
rPois   .            b - +5 hat "Buxkuxti" {rC+}
rElec   +            v - scarf {rC+ rF+}
rCorr   .            (gloves unavailable)
SInv    +            (boots unavailable)
Will    +++++        B - amulet of the Voivode {rElec Regen+ Int+4}
Stlth   ++++         k - ring of Ripliav {rElec Str+6 Int+3 Dex+5 Stlth-}
HPRegen 1.26/turn    a - ring "Ficinah" {rF+ Will+ Str+5}
MPRegen 0.11/turn

%: clarity
@: studying Short Blades, very quick
A: very small, no large weapons, unfitting armour, see invisible, speed 3,
antennae 1, hooves 1, thin skeletal structure 1, clarity, sense surroundings 1,
weak 1, heat vulnerability 1
0: Orb of Zot
}: 3/15 runes: serpentine, barnacled, abyssal
a: Renounce Religion, Berserk, Trog's Hand, Brothers in Arms


You escaped.
You worshipped Trog.
Trog was extremely pleased with you.
You visited 9 branches of the dungeon, and saw 46 of its levels.
You visited the Abyss 1 time.
You also visited: Gauntlet, Ice Cave and Wizlab.

You collected 7896 gold pieces.
You spent 3055 gold pieces at shops.

Inventory:

Hand Weapons
 j - a +9 antimagic quick blade (weapon)
   (Trog gifted it to you on level 1 of the Orcish Mines)
Missiles
 r - 6 throwing nets (quivered)
 D - 9 curare-tipped darts
Armour
 b - the +5 hat "Buxkuxti" (worn) {rC+}
   (You acquired it on level 1 of the Snake Pit)

   rC:        It protects you from cold.
 v - a scarf of resistance (worn)
   (You found it in an ice cave)
 H - the +1 toga "Victory" (worn) {*Victory Int+1 Slay+1 Clar}
   (You found it on level 8 of the Dungeon)

   *Victory:  When the wearer kills a threatening monster, it has a chance to
   gain +1 AC, +1 Slay, and +1 Int, capping at +7.
   When the wearer uses a scroll or a potion with a hostile monster in sight,
   its bonuses reset to +0.
   Unequipping it also resets its bonuses to +0.
   Int:       It affects your intelligence (+1).
   Slay:      It affects your accuracy & damage with ranged weapons and melee
   (+1).
   Clar:      It protects you from confusion, rage, mesmerisation and fear.
 Z - a +2 buckler of protection (worn)
   (You took it off a deep elf knight on level 3 of the Elven Halls)
Jewellery
 a - the ring "Ficinah" (right hand) {rF+ Will+ Str+5}
   (You took it off a fire giant on level 3 of the Depths)

   [ring of protection from fire]

   Str:       It affects your strength (+5).
   rF:        It protects you from fire.
   Will:      It increases your willpower.
 c - a ring of protection from cold
   (You found it on level 2 of the Snake Pit)
 f - a ring of protection from fire
   (You took it off a tengu conjurer on level 14 of the Dungeon)
 k - the ring of Ripliav (left hand) {rElec Str+6 Int+3 Dex+5 Stlth-}
   (You found it on level 4 of the Realm of Zot)

   [ring of strength]

   Str:       It affects your strength (+6).
   Int:       It affects your intelligence (+3).
   Dex:       It affects your dexterity (+5).
   rElec:     It insulates you from electricity.
   Stlth:     It makes you less stealthy.
 m - a +6 ring of dexterity
   (You found it on level 4 of the Shoals)
 o - a ring of poison resistance
   (You took it off Eustachio on level 5 of the Dungeon)
 B - the amulet of the Voivode (around neck) {rElec Regen+ Int+4}
   (You bought it in a shop on level 1 of the Snake Pit)

   [amulet of regeneration]

   Int:       It affects your intelligence (+4).
   rElec:     It insulates you from electricity.
   Regen:     It increases your rate of health regeneration.
 W - the ring of Zyte Nac {Fly rN+ Int+6 SInv}
   (You found it on level 3 of the Elven Halls)

   [ring of intelligence]

   Int:       It affects your intelligence (+6).
   rN:        It protects you from negative energy.
   SInv:      It lets you see invisible.
   Fly:       It grants you flight.
Wands
 y - a wand of iceblast (57)
   (You took it off a gnoll on level 6 of the Dungeon)
 G - a wand of mindburst (33)
   (You found it on level 8 of the Dungeon)
 I - a wand of charming (34)
   (You found it on level 9 of the Dungeon)
 M - a wand of digging (9)
   (You found it on level 5 of the Dungeon)
 T - a wand of quicksilver (39)
   (You found it on level 11 of the Dungeon)
Scrolls
 e - 4 scrolls of butterflies
 i - 8 scrolls of poison
 t - 14 scrolls of teleportation
 u - 8 scrolls of fear
 x - 5 scrolls of immolation
 z - 4 scrolls of blinking
 C - 12 scrolls of vulnerability
 L - 11 scrolls of fog
 U - 2 scrolls of magic mapping
 X - a scroll of silence
Potions
 d - 2 potions of might
 g - 13 potions of attraction
 h - 7 potions of haste
 n - a potion of resistance
 q - 21 potions of curing
 w - 5 potions of heal wounds
 E - 5 potions of magic
 K - 3 potions of mutation
 O - 4 potions of enlightenment
 P - 5 potions of cancellation
 Q - 5 potions of ambrosia
 Y - 2 potions of invisibility
Miscellaneous
 l - a phial of floods
   (You found it on level 14 of the Dungeon)
 N - a condenser vane
   (You found it in a Gauntlet)
 S - a phantom mirror
   (You found it on level 14 of the Dungeon)
 V - a box of beasts
   (You found it in a Gauntlet)


   Skills:
 * Level 24.2 Fighting
 - Level 20.0 Short Blades
 O Level 27 Dodging
 O Level 27 Stealth
 - Level 15.0 Shields
 - Level 20.0 Evocations


You had 24 spell levels left.
You didn't know any spells.
Your spell library contained the following spells:

 Spells                   Type           Power      Damage    Failure   Level
 Dazzling Flash           Conj/Hex       0%         N/A       54%         3
 Fulminant Prism          Conj/Hex       0%         3d5       91%         4
 Iron Shot                Conj/Erth      0%         9d1       100%        6
 Starburst                Conj/Fire      0%         6d3       100%        6


Dungeon Overview and Level Annotations

Branches:
Dungeon (15/15)            Temple (0/1) D:6            Lair (5/5) D:11
 Shoals (4/4) Lair:2        Snake (4/4) Lair:3        Slime (0/5) Lair:5
    Orc (2/2) D:10            Elf (3/3) Orc:2        Vaults (4/5) D:14
  Crypt (0/3) Vaults:3     Depths (4/4) D:15            Zot (5/5) Depths:4
  IceCv (visited)          WizLab (visited)         Gauntlet (visited)

Altars:
Ashenzari
Cheibriados
Trog
Vehumet
Wu Jian
Yredelemnul

Shops:
D:2 [   D:9 *   D:11 *   Orc:2 [[(:   Elf:2 :   Snake:1 ?:=[   Vaults:1 (
Vaults:4 *

Portals:
Hell: Depths:1 Depths:2 Depths:3 Depths:4
Abyss: Depths:3 Depths:4
Pandemonium: Depths:1 Depths:2 Depths:4
Ziggurat: Depths:1
Trove: D:11 (give 7 potions of haste)

Annotations:
D:8 2 runed translucent doors
D:11 exclusion: ice statue
D:12 1 runed translucent door, PostNTower's ghost, journeyman TeSu
Lair:1 3 runed translucent doors, KimchiStew's ghost, journeyman GrEE
Lair:2 3 runed translucent doors, Ratus's ghost, journeyman TrBe
Elf:1 Roxanne
Zot:1 exclusions: draconian scorcher and draconian stormcaller
Zot:2 2 transporters
Zot:3 2 transporters
Zot:5 exclusion: orange crystal statue


Innate Abilities, Weirdness & Mutations

You are very small and have problems with some larger weapons.
You are too small for most types of armour.
You have supernaturally acute eyesight. (SInv)
You cover ground extremely quickly. (Speed+++)
You have a pair of small antennae on your head.
You have large cloven feet.
You have a somewhat thin skeletal structure. (Dex +2, Stealth+)
You possess an exceptional clarity of mind.
You passively map a small area around you.
You are weak. (Str -2)
You are vulnerable to heat. (rF-)


Message History

You puncture the Orb Guardian!
You kick the Orb Guardian, but do no damage.
You hit the Orb Guardian. Your kick misses the Orb Guardian.
The Orb Guardian is moderately wounded.
You barely miss the Orb Guardian. Your kick misses the Orb Guardian.
You puncture the Orb Guardian!
You kick the Orb Guardian, but do no damage.
The Orb Guardian is heavily wounded.
The Orb Guardian completely misses you.
You hit the Orb Guardian but do no damage.
You kick the Orb Guardian, but do no damage.
You hit the Orb Guardian. Your kick misses the Orb Guardian.
The Orb Guardian is heavily wounded.
The Orb Guardian completely misses you.
You completely miss the Orb Guardian.
You kick the Orb Guardian, but do no damage.
You hit the Orb Guardian but do no damage.
Your kick misses the Orb Guardian.
The Orb Guardian is heavily wounded.
The Orb Guardian completely misses you.
You hit the Orb Guardian. Your kick misses the Orb Guardian.
You hit the Orb Guardian.
You kick the Orb Guardian, but do no damage.
The Orb Guardian is heavily wounded.
The Orb Guardian completely misses you.
You hit the Orb Guardian.
You kick the Orb Guardian, but do no damage.
You puncture the Orb Guardian! You kick the Orb Guardian.
The Orb Guardian is almost dead.
A neqoxec comes into view.
You hit the Orb Guardian but do no damage.
You kick the Orb Guardian, but do no damage.
You puncture the Orb Guardian!
The +1 toga "Victory" glows.
You kill the Orb Guardian!
Trog accepts your kill.
There is a stone staircase leading up here.
You climb upwards.
There is a stone staircase leading down, spattered with blood here.
(D) Dungeon (T) Temple (L) Lair (A) Shoals (P) Snake Pit (M) Slime Pits (O) Orcish Mines (E) Elven Halls (V) Vaults (C) Crypt (U) Depths (H) Hell (Z) Zot
Where to? (Enter - D:1 @ (x,y), ? - help)
There is a stone staircase leading up here.
You climb upwards.
Level annotation: 1 runed translucent door, PostNTower's ghost, journeyman TeSu
There is a stone staircase leading down here.
There is a stone staircase leading up here.
You climb upwards.
Level annotation: exclusion: ice statue
There is a stone staircase leading down here.
HP restored.
There is a stone staircase leading up here.
You climb upwards.
There is a stone staircase leading down here.
There is an open door here.
There is a stone staircase leading up here.
You climb upwards.
There is a stone staircase leading down here.
You see here a +0 dagger.
There is a stone staircase leading up here.
You climb upwards.
Level annotation: 2 runed translucent doors
There is a stone staircase leading down here.
There is a stone staircase leading up here.
There is a stone staircase leading up here.
You climb upwards.
There is a stone staircase leading down here.
You see here a +0 whip.
Things that are here:
a +0 flail; a +0 whip
There is a stone staircase leading up here.
You climb upwards.
There is a stone staircase leading down here.
Things that are here:
a +0 robe; a +0 whip; a +0 club
There is a stone staircase leading up here.
You climb upwards.
There is a stone staircase leading down here.
There is a stone staircase leading up here.
You climb upwards.
There is a stone staircase leading down here.
There is a stone staircase leading up here.
You climb upwards.
There is a stone staircase leading down, spattered with blood here.
There is an open door, spattered with blood here.
You see here a +0 short sword.
There is a stone staircase leading up here.
You climb upwards.
There is a stone staircase leading down, spattered with blood here.
You see here a +0 pair of gloves.
You see here a +0 hand axe.
There is a stone staircase leading up, spattered with blood here.
You climb upwards.
There is a stone staircase leading down here.
There is an open gate here.
There is a staircase leading out of the dungeon here.
Enter note: gg You have escaped!

#.....♣.....♣.......####.#
#.................#.......
#......#'''#........#.....
#....###...###......#.##.#
#....#.......#....#.#.##.#
#....#.......#........##.#
#....#.......#...........#
#....#.......#........####
#....#...@...#....#.#.#
#..###.......###..#.#.#
#..#...........#..#.#.# #
#..#.8.....^.8.#..#.#.# ####
#..#...#####...#....#.# ≈≈≈#
#..#####...#####..###.#
≈#######.................# #.#
####...#.................###.#
.....#.#........⌠............#


There were no monsters in sight!

Vanquished Creatures
  A dread lich (Depths:2)
  An orb of fire (Zot:4)
  Parghit (Depths:3)
  2 Killer Klowns
  Saint Roka (Depths:2)
  Margery (Depths:3)
  3 shard shrikes (Depths:1)
  10 golden dragons
  2 curse toes (Zot:4)
  3 caustic shrikes
  2 bone dragons
  An electric golem (Zot:1)
  11 tentacled monstrosities
  3 liches
  3 walking crystal tomes
  2 Orb Guardians
  2 walking frostbound tomes
  Asterion (Elf:1)
  4 quicksilver dragons
  A deep elf master archer (Elf:3)
  2 deep elf blademasters (Elf:3)
  A kraken (Shoals:1)
  A titan (Vaults:3)
  Gastronok (Lair:3)
  4 tentacled starspawn
  8 sphinxes
  7 shadow dragons
  5 death cobs
  Kirke (Elf:1)
  4 tengu reavers
  6 draconian monks
  2 strange machines (WizLab)
  11 storm dragons
  3 azure jellies (IceCv)
  A rockslime (IceCv)
  2 fenstrider witches (Depths:2)
  Aizul (Snake:4)
  9 nagarajas
  9 fire giants
  3 draconian knights (Zot:4)
  A revenant (Vaults:3)
  11 draconian scorchers
  6 deep elf sorcerers
  11 vault wardens
  6 iron dragons
  4 ghost moths
  6 frost giants
  An orc warlord (Orc:1)
  The ghost of DrClinical the Eclecticist, a journeyman DsHW of Vehumet (Shoals:2)
  4 draconian stormcallers
  2 deep elf elementalists (Elf:3)
  7 draconian shifters
  6 draconian annihilators
  A war gargoyle (Vaults:2)
  2 spriggan defenders
  15 ironbound preservers
  10 stone giants
  3 quicksilver oozes (IceCv)
  A reaper (Depths:1)
  9 deep elf demonologists (Elf:3)
  11 green draconians
  14 very ugly things
  5 ironbound thunderhulks
  3 vampire knights
  19 black draconians
  7 deep elf annihilators
  15 white draconians
  11 purple draconians
  11 red draconians
  12 dire elephants
  8 yellow draconians
  A bunyip (shapeshifter) (Vaults:1)
  10 merfolk impalers
  11 fire dragons
  6 merfolk javelineers
  An eidolon (Abyss:3)
  3 jiangshi (Depths:4)
  Josephine (D:11)
  5 ettins
  2 blizzard demons
  4 deep elf death magi
  11 yaktaur captains
  3 deep elf high priests (Elf:3)
  3 salamander tyrants
  An entropy weaver (Vaults:1)
  13 rakshasas
  9 hydras
  15 centaur warriors
  6 great orbs of eyes
  A spriggan zombie (Depths:2)
  4 vault guards
  2 catoblepae
  A hell beast (Depths:1)
  3 ice dragons
  12 anacondas
  6 boulder beetles
  A juggernaut simulacrum (Depths:2)
  6 ironbound frosthearts
  2 spriggan air magi (Depths:4)
  3 ogre magi
  5 merfolk avatars
  A satyr (Shoals:3)
  12 two-headed ogres
  14 naga warriors
  A satyr (shapeshifter) (Vaults:1)
  8 merfolk aquamancers
  6 orc high priests
  10 deep troll shamans
  2 vampire magi
  9 death yaks
  5 deep troll earth magi
  2 hell hogs
  6 tengu warriors
  25 dancing weapons
  10 naga sharpshooters
  4 spriggan berserkers
  5 shock serpents
  Urug (Orc:1)
  Nergalle (Lair:2)
  2 thrashing horrors
  A wretched star (Abyss:2)
  15 hell knights
  3 large abominations (Abyss:3)
  A soul eater (Depths:1)
  12 deep elf knights
  Amaemon (Lair:3)
  5 iron trolls
  4 skysharks
  68 deep trolls
  A sixfirhy (Abyss:2)
  6 salamander mystics
  A sun demon (Depths:1)
  A death drake (shapeshifter) (Vaults:1)
  A skyshark (shapeshifter) (Vaults:3)
  4 sea snakes
  A glowing orange brain (Depths:1)
  A quicksilver dragon simulacrum (Depths:1)
  7 naga ritualists
  18 deep elf archers
  A flayed ghost (Abyss:3)
  15 ironbound convokers
  11 orc knights
  12 lindwurms
  2 orange crystal statues (IceCv)
  9 wizards
  A golden dragon skeleton (Vaults:3)
  38 deep elf pyromancers
  19 harpies
  28 deep elf zephyrmancers
  54 ugly things
  10 necromancers
  3 orc sorcerers
  6 mana vipers
  12 manticores
  A faun (shapeshifter) (Vaults:1)
  7 cyclopes
  24 fauns
  20 moths of wrath
  28 salamanders
  9 elephants
  A centaur zombie (D:15)
  2 human skeletons
  8 merfolk sirens
  2 worldbinders (Abyss:3)
  15 vault sentinels
  37 slime creatures
  4 rust devils
  17 naga magi
  An eye of devastation (shapeshifter) (Vaults:1)
  41 black mambas
  4 gargoyles
  3 smoke demons
  15 water nymphs
  10 guardian serpents
  An iron dragon skeleton (Vaults:4)
  2 orange demons
  2 torpor snails (Lair:5)
  2 water nymphs (shapeshifter)
  6 cane toads
  2 unseen horrors
  5 tengu conjurers
  A centaur skeleton (D:15)
  46 yaktaurs
  A kobold demonologist (D:10)
  5 rime drakes
  2 guardian mummies
  A spark wasp simulacrum (Depths:1)
  8 komodo dragons
  A red devil (Depths:1)
  9 trolls
  A yaktaur skeleton (Vaults:3)
  3 human zombies (Vaults:2)
  A meliai (D:13)
  12 hornets
  34 merfolk
  14 wind drakes
  2 polar bears
  A merfolk (shapeshifter) (Vaults:1)
  Grinder (D:4)
  14 blink frogs
  19 dream sheep
  2 raiju (Abyss:3)
  10 snapping turtles
  A meliai zombie (D:15)
  A jumping spider (shapeshifter) (D:15)
  2 human simulacra (Vaults:4)
  A flying skull (Abyss:3)
  2 vampires
  13 air elementals
  A centaur simulacrum (D:14)
  6 shadows
  20 spriggans
  33 water elementals
  A culicivora (Vaults:1)
  6 wyverns
  A deep troll skeleton (Vaults:2)
  7 wraiths
  36 yaks
  Eustachio (D:5)
  14 basilisks
  A golden eye (Abyss:3)
  A chaos spawn (Abyss:3)
  3 fire elementals
  A human (shapeshifter) (D:15)
  2 neqoxecs
  A steam dragon (D:10)
  8 vampire mosquitoes
  2 spriggan simulacra (Depths:1)
  A redback simulacrum (D:14)
  8 wargs
  49 nagas
  3 acid dragons
  A glowing shapeshifter skeleton (Depths:2)
  2 glowing shapeshifter zombies
  13 water moccasins
  2 floating eyes (Depths:2)
  42 orc warriors
  Duvessa (D:5)
  3 black bears
  3 sky beasts
  5 great orb of eyes simulacra (IceCv)
  3 ice beasts (D:7)
  A hornet zombie (D:15)
  9 boggarts
  2 small abominations (Abyss:3)
  4 starcursed masses (Abyss:3)
  32 wolves
  11 ogres
  5 slime creature simulacra (IceCv)
  4 centaurs
  An elf simulacrum (Vaults:3)
  3 phantoms
  A gnoll sergeant (D:6)
  A kobold brigand (D:7)
  A scorpion (D:6)
  14 bullfrogs
  5 glowing shapeshifter simulacra (IceCv)
  3 earth elementals
  9 wights
  Dowan (D:5)
  9 killer bees
  An electric eel (Lair:3)
  4 howler monkeys
  A gnoll bouda (D:6)
  6 hounds
  36 orc priests
  6 jellies (Lair:5)
  2 iguanas (D:5)
  20 orc wizards
  Crazy Yiuf (D:4)
  Natasha (thrice) (D:3)
  2 hell rats (D:14)
  A boggart simulacrum (D:15)
  23 gnolls
  3 adders (D:5)
  A shadow imp (D:6)
  2 white imps
  An ufetubus (Abyss:3)
  2 worms
  2 dart slugs
  71 orcs
  5 ball pythons
  7 endoplasms
  2 giant cockroaches
  7 hobgoblins
  3 jackals (D:1)
  13 kobolds
  8 quokkas
  5 bats
  8 frilled lizards
  10 goblins
  8 rats
  A starspawn tentacle (Abyss:3)
  4 tentacles (Shoals:1)
2149 creatures vanquished.

Vanquished Creatures (collateral kills)
  An orb of fire (Zot:3)
  Vv (Zot:3)
  2 caustic shrikes (Depths:4)
  A death cob (Zot:3)
  A tentacled starspawn (Abyss:3)
  A draconian knight (Depths:4)
  An iron dragon (Depths:3)
  A draconian stormcaller (Zot:1)
  A wizard (Abyss:3)
  A minotaur (Gauntlet)
  2 centaur warriors (D:14)
  A deep troll (Depths:4)
  A wolf spider (D:14)
  A will-o-the-wisp (Abyss:3)
  2 manticores (D:14)
  2 blink frogs (Abyss:3)
  A starcursed mass (Abyss:3)
  A basilisk (D:14)
  3 starspawn tentacles (Abyss:3)
25 creatures vanquished.

Vanquished Creatures (others)
  A lich (Depths:4)
  A death cob (Zot:4)
  A deep elf sorcerer (Elf:3)
  A draconian scorcher (Zot:1)
  A deep elf demonologist (Elf:3)
  2 anacondas (Snake:4)
  A deep elf knight (Elf:2)
  A yaktaur (Vaults:1)
  A dream sheep (Shoals:2)
  A snapping turtle (Shoals:2)
  A slime creature (IceCv)
  3 humans (Elf:1)
  A naga (Snake:4)
  An orc priest (Orc:1)
  An orc (D:9)
  6 foxfires (Abyss:3)
  9 starspawn tentacles
  4 tentacles (Shoals:1)
37 creatures vanquished.

Grand Total: 2211 creatures vanquished

Notes
Turn   | Place    | Note
-------+----------+-------------------------------------------
     0 | D:1      | Flugkiller the Spriggan Monk began the quest for the Orb.
     0 | D:1      | Reached XP level 1. HP: 11/11 MP: 2/2
    37 | D:1      | Reached skill level 1 in Stealth
   223 | D:1      | Reached XP level 2. HP: 16/16 MP: 3/3
   415 | D:1      | Found a faded altar of an unknown god.
   430 | D:1      | Prayed at the altar of an unknown god.
   430 | D:1      | Became a worshipper of Trog the Wrathful
   430 | D:1      | Reached * piety under Trog
   430 | D:1      | Reached ** piety under Trog
  1240 | D:2      | Reached *** piety under Trog
  1325 | D:2      | Found Nathri Suilin's Armour Emporium.
  1335 | D:2      | Reached XP level 3. HP: 19/19 MP: 4/4
  2332 | D:3      | Reached XP level 4. HP: 23/23 MP: 5/5
  2469 | D:3      | Reached skill level 5 in Stealth
  2530 | D:3      | Noticed Natasha
  2606 | D:3      | Killed Natasha
  2607 | D:3      | Reached XP level 5. HP: 28/28 MP: 6/6
  2665 | D:3      | Noticed Natasha
  2684 | D:3      | Killed Natasha
  2714 | D:3      | Noticed Natasha
  2748 | D:3      | Killed Natasha
  2749 | D:3      | Reached skill level 5 in Dodging
  3232 | D:3      | Reached **** piety under Trog
  3284 | D:3      | Reached XP level 6. HP: 22/32 MP: 7/7
  3767 | D:4      | Found an ornate altar of the Wu Jian Council.
  4063 | D:4      | Noticed Grinder
  4118 | D:4      | Killed Grinder
  4119 | D:4      | Reached skill level 5 in Short Blades
  4119 | D:4      | Reached XP level 7. HP: 37/37 MP: 8/8
  4222 | D:4      | Found a runed translucent door.
  4223 | D:4      | Noticed Crazy Yiuf
  4246 | D:4      | Found a radiant altar of Vehumet.
  4561 | D:5      | Entered Level 5 of the Dungeon
  4908 | D:5      | Noticed Eustachio
  5077 | D:5      | Noticed Dowan
  5352 | D:5      | Killed Eustachio
  5353 | D:5      | Reached XP level 8. HP: 42/42 MP: 9/9
  5553 | D:5      | Noticed Duvessa
  5560 | D:5      | Killed Duvessa
  5615 | D:5      | Killed Dowan
  5786 | D:6      | Reached skill level 5 in Fighting
  5890 | D:6      | Found a staircase to the Ecumenical Temple.
  6490 | D:6      | Reached skill level 1 in Evocations
  6835 | D:6      | Reached XP level 9. HP: 46/47 MP: 10/10
  8772 | D:8      | Reached ***** piety under Trog
  8908 | D:8      | Identified the +1 war axe "Ytrip" {spect, Dex+2}
  9071 | D:8      | Reached skill level 10 in Dodging
  9071 | D:8      | Reached skill level 5 in Evocations
  9115 | D:8      | Found the +0 toga "Victory" {*Victory Clar}
  9521 | D:8      | Noticed a two-headed ogre
  9634 | D:8      | Found a large runed translucent door.
  9637 | D:8      | Found a large runed translucent door.
  9685 | D:8      | Killed a two-headed ogre
  9686 | D:8      | Reached XP level 10. HP: 53/53 MP: 11/11
 10160 | D:9      | Received a gift from Trog
 10607 | D:9      | Reached skill level 10 in Short Blades
 10759 | D:9      | Found Xaduc's General Store.
 10944 | D:9      | Bought a scroll of fog for 56 gold pieces
 11221 | D:10     | Entered Level 10 of the Dungeon
 11603 | D:10     | Found a basalt altar of Yredelemnul.
 11604 | D:10     | Found a broken altar of Ashenzari.
 11606 | D:10     | Found a snail-covered altar of Cheibriados.
 11647 | D:10     | Identified the +1 robe "Diutuuwof" {rC+ Int+2}
 11676 | D:10     | Noticed a gargoyle
 11684 | D:10     | Killed a gargoyle
 11685 | D:10     | Found a staircase to the Orcish Mines.
 11880 | D:10     | Reached XP level 11. HP: 40/62 MP: 12/12
 12151 | D:10     | Identified the +0 leather armour of Usatib {rC+ Slay+2
                  | SInv}
 12323 | D:11     | Noticed Josephine
 12377 | D:11     | Killed Josephine
 12384 | D:11     | Reached skill level 10 in Fighting
 12597 | D:11     | Found a portal to a secret trove of treasure.
 13019 | D:11     | Found Equduceh's Assorted Antiques.
 13027 | D:11     | Bought a fizzy emerald potion for 29 gold pieces
 13027 | D:11     | Bought a runed ivory wand for 132 gold pieces
 13327 | D:11     | Noticed a two-headed ogre
 13452 | D:11     | Found a staircase to the Lair.
 13503 | Lair:1   | Entered Level 1 of the Lair of Beasts
 13503 | Lair:1   | Noticed a nine-headed hydra
 13503 | Lair:1   | Noticed a ten-headed hydra
 13503 | Lair:1   | Noticed KimchiStew's ghost (journeyman GrEE)
 13503 | Lair:1   | Found a runed translucent gate.
 13503 | Lair:1   | Found a runed translucent gate.
 13503 | Lair:1   | Found a runed translucent gate.
 13654 | Lair:1   | Noticed a boulder beetle
 13686 | Lair:1   | Killed a boulder beetle
 14125 | Lair:1   | Reached XP level 12. HP: 71/71 MP: 13/13
 14508 | Lair:2   | Found a staircase to the Shoals.
 14512 | Lair:2   | Noticed a death yak
 14514 | Lair:2   | Noticed a death yak
 14544 | Lair:2   | Noticed a death yak
 14846 | Lair:2   | Noticed a minotaur
 14848 | Lair:2   | Noticed Ratus's ghost (journeyman TrBe)
 14882 | Lair:2   | Noticed a boulder beetle
 14883 | Lair:2   | Found a runed translucent gate.
 14896 | Lair:2   | Killed a boulder beetle
 14903 | Lair:2   | Found a runed translucent gate.
 14903 | Lair:2   | Found a runed translucent gate.
 14914 | Lair:2   | Noticed a five-headed hydra
 14934 | Lair:2   | Killed a five-headed hydra
 15141 | Lair:2   | Noticed Nergalle
 15162 | Lair:2   | Killed Nergalle
 15403 | Lair:2   | Killed a death yak
 15404 | Lair:2   | Reached skill level 15 in Dodging
 15409 | Lair:2   | Killed a death yak
 15421 | Lair:2   | Killed a death yak
 15422 | Lair:2   | Reached skill level 10 in Stealth
 16370 | Lair:3   | Reached XP level 13. HP: 40/75 MP: 14/14
 16583 | Lair:3   | Found a staircase to the Snake Pit.
 16622 | Lair:3   | Noticed Amaemon
 16678 | Lair:3   | Killed Amaemon
 16679 | Lair:3   | Reached skill level 15 in Stealth
 16739 | Lair:3   | Noticed Gastronok
 16828 | Lair:3   | Killed Gastronok
 17068 | Lair:3   | Reached ****** piety under Trog
 17383 | Lair:4   | Found a gate leading to a gauntlet.
 17391 | Gauntlet | Entered a Gauntlet
 17391 | Gauntlet | Found a transporter.
 17398 | Gauntlet | Found a transporter.
 17400 | Gauntlet | Found a transporter.
 17413 | Gauntlet | Found a transporter.
 17414 | Gauntlet | Found a transporter.
 17422 | Gauntlet | Found a transporter.
 17438 | Gauntlet | Found a transporter.
 17449 | Gauntlet | Found a transporter.
 17450 | Gauntlet | Noticed a green death
 17461 | Gauntlet | Found a transporter.
 17475 | Gauntlet | Found a transporter.
 17475 | Gauntlet | Found a transporter.
 17503 | Gauntlet | Found a transporter.
 17503 | Gauntlet | Found a transporter.
 17553 | Gauntlet | Found a transporter.
 17705 | Gauntlet | Received a gift from Trog
 17819 | Gauntlet | Identified the ring of Weuruzon {rElec Str+6}
 17861 | Gauntlet | Noticed a minotaur
 17872 | Gauntlet | Killed a minotaur
 17883 | Gauntlet | Got the Commentary on the Fifth Circle
 18389 | Lair:5   | Entered Level 5 of the Lair of Beasts
 18646 | Lair:5   | Found a staircase to the Slime Pits.
 18721 | Lair:5   | Reached skill level 10 in Evocations
 19158 | Lair:5   | Reached XP level 14. HP: 83/83 MP: 15/15
 19221 | Lair:5   | Received a gift from Trog
 20331 | Lair:5   | Reached skill level 15 in Fighting
 20681 | D:12     | Received a gift from Trog
 20759 | D:12     | Found a runed translucent door.
 20759 | D:12     | Noticed PostNTower's ghost (journeyman TeSu)
 21290 | D:13     | Found a bloodstained altar of Trog.
 22425 | D:13     | Found a bloodstained altar of Trog.
 23125 | D:14     | Identified the +11 hand axe of the Briny Deep {pain, Drain
                  | rElec Dex+5 Stlth+}
 23504 | D:14     | Reached XP level 15. HP: 92/95 MP: 16/16
 24534 | D:14     | Found a gate to the Vaults.
 24650 | D:14     | Received a gift from Trog
 25613 | D:15     | Entered Level 15 of the Dungeon
 26008 | D:15     | Found a staircase to the Depths.
 26444 | D:15     | Reached XP level 16. HP: 100/100 MP: 5/17
 26840 | D:4      | Killed Crazy Yiuf
 27019 | Orc:1    | Entered Level 1 of the Orcish Mines
 27135 | Orc:1    | Received a gift from Trog
 27170 | Orc:1    | Noticed Urug
 27177 | Orc:1    | Killed Urug
 27642 | Orc:2    | Entered Level 2 of the Orcish Mines
 27642 | Orc:2    | Found a staircase to the Elven Halls.
 28124 | Orc:2    | Received a gift from Trog
 28942 | Orc:2    | Found Ybetteq's Book Shoppe.
 28945 | Orc:2    | Found Licronuh's Antique Armour Shoppe.
 28946 | Orc:2    | Found Cunuseeha's Armour Shoppe.
 28947 | Orc:2    | Found Butoqupo's Antique Weapon Emporium.
 28957 | Orc:2    | Bought an embroidered hat for 210 gold pieces
 29128 | D:9      | Bought a scroll of blinking for 105 gold pieces
 29128 | D:9      | Bought a potion of ambrosia for 112 gold pieces
 29297 | Snake:1  | Entered Level 1 of the Snake Pit
 29430 | Snake:1  | Found Idieqipt's Book Shoppe.
 29431 | Snake:1  | Found Luteach's Antique Armour Emporium.
 29431 | Snake:1  | Found Ejeel's Magic Scroll Shoppe.
 29435 | Snake:1  | Found Ixtob's Jewellery Emporium.
 29465 | Snake:1  | Received a gift from Trog
 29488 | Snake:1  | Bought a glowing cloak for 285 gold pieces
 29495 | Snake:1  | Bought a scroll of acquirement for 936 gold pieces
 29495 | Snake:1  | Acquired the +5 hat "Buxkuxti" {rC+}
 29511 | Snake:1  | Bought the amulet of the Voivode {rElec Regen+ Int+4} for
                  | 838 gold pieces
 31257 | Snake:2  | Reached XP level 17. HP: 104/104 MP: 6/18
 31505 | Snake:3  | Received a gift from Trog
 32598 | Snake:4  | Entered Level 4 of the Snake Pit
 32645 | Snake:4  | Noticed Aizul
 32652 | Snake:4  | Killed Aizul
 32914 | Snake:4  | Received a gift from Trog
 33683 | Snake:4  | Got a serpentine rune of Zot
 33885 | Snake:4  | Identified the +9 long sword of Midnight {spect, rF+ rN+
                  | Stlth+}
 34249 | Snake:4  | Received a gift from Trog
 34506 | Snake:4  | Reached XP level 18. HP: 90/109 MP: 6/19
 34643 | Snake:4  | Identified the +1 leather armour of Oxzutolo {rElec rC-
                  | Will+ rCorr}
 34727 | Snake:1  | Bought a scroll of identify for 36 gold pieces
 34728 | Snake:1  | Bought a scroll of identify for 36 gold pieces
 34802 | Shoals:1 | Entered Level 1 of the Shoals
 35231 | Shoals:1 | Received a gift from Trog
 35260 | Shoals:1 | Found a frozen archway.
 35300 | IceCv    | Entered an ice cave
 35802 | IceCv    | Found a viscous altar of Jiyva.
 35850 | IceCv    | Identified the +0 leather armour of Daisies {+Inv rElec
                  | Will+ Dex-2}
 35856 | IceCv    | Got the +6 whip of Insomnia {freeze, +Blink rF++}
 36390 | Snake:1  | Bought a ring of flight for 280 gold pieces
 36884 | Shoals:2 | Received a gift from Trog
 37189 | Shoals:2 | Found a runed translucent gate.
 37189 | Shoals:2 | Found a runed translucent gate.
 37189 | Shoals:2 | Found a runed translucent gate.
 37371 | Shoals:2 | Noticed DrClinical's ghost (journeyman DsHW)
 37969 | Shoals:2 | Paralysed by a Zot trap for 4 turns
 37979 | Shoals:2 | Gained mutation: You occasionally shout uncontrollably at
                  | your foes. [mutagenic glow]
 37990 | Shoals:2 | Gained mutation: You are dopey. (Int -2) [mutagenic glow]
 37998 | Shoals:2 | Gained mutation: Armour fits poorly on your strangely
                  | shaped body. [mutagenic glow]
 38047 | Shoals:2 | Lost mutation: You occasionally shout uncontrollably at
                  | your foes. [potion of mutation]
 38047 | Shoals:2 | Lost mutation: You are dopey. (Int -2) [potion of mutation]
 38047 | Shoals:2 | Lost mutation: Armour fits poorly on your strangely shaped
                  | body. [potion of mutation]
 38047 | Shoals:2 | Gained mutation: You have hidden genetic defects. [potion
                  | of mutation]
 38047 | Shoals:2 | Gained mutation: You have a somewhat thin skeletal
                  | structure. (Dex +2, Stealth+) [potion of mutation]
 38047 | Shoals:2 | Gained mutation: You are partially covered in iridescent
                  | scales. (AC +2) [potion of mutation]
 38047 | Shoals:2 | Gained mutation: Your movements are slightly less
                  | encumbered by armour. (ER -2) [potion of mutation]
 38048 | Shoals:2 | Lost mutation: You are partially covered in iridescent
                  | scales. (AC +2) [potion of mutation]
 38048 | Shoals:2 | Lost mutation: Your movements are slightly less encumbered
                  | by armour. (ER -2) [potion of mutation]
 38048 | Shoals:2 | Gained mutation: You possess an exceptional clarity of
                  | mind. [potion of mutation]
 38048 | Shoals:2 | Gained mutation: You have large cloven feet. [potion of
                  | mutation]
 38048 | Shoals:2 | Gained mutation: You are vulnerable to heat. (rF-) [potion
                  | of mutation]
 38048 | Shoals:2 | Gained mutation: You have a pair of small antennae on your
                  | head. [potion of mutation]
 38049 | Shoals:2 | Lost mutation: You have hidden genetic defects. [potion of
                  | mutation]
 38049 | Shoals:2 | Lost mutation: You have large cloven feet. [potion of
                  | mutation]
 38049 | Shoals:2 | Lost mutation: You possess an exceptional clarity of mind.
                  | [potion of mutation]
 38049 | Shoals:2 | Gained mutation: You passively map a small area around you.
                  | [potion of mutation]
 38049 | Shoals:2 | Gained mutation: You have large cloven feet. [potion of
                  | mutation]
 38049 | Shoals:2 | Gained mutation: You possess an exceptional clarity of
                  | mind. [potion of mutation]
 38090 | Shoals:2 | Killed DrClinical's ghost
 38242 | Shoals:2 | Identified the +0 cloak of the Skies Above {*Slow rCorr
                  | Stlth+}
 38462 | Shoals:3 | Received a gift from Trog
 39064 | Shoals:4 | Entered Level 4 of the Shoals
 39186 | Shoals:4 | Reached XP level 19. HP: 116/116 MP: 6/20
 39218 | Shoals:4 | Found the +5 Lochaber axe {reach-cleave, Poleaxe Drain}
 39240 | Shoals:4 | Found the +7 great mace "Firestarter" {flame, immolate,
                  | rFlCloud rF++}
 39345 | Shoals:4 | Got a barnacled rune of Zot
 39407 | Shoals:4 | Received a gift from Trog
 40239 | Elf:1    | Entered Level 1 of the Elven Halls
 40239 | Elf:1    | Noticed Kirke
 40247 | Elf:1    | Killed Kirke
 40420 | Elf:1    | Received a gift from Trog
 40617 | Elf:1    | Noticed Asterion
 40804 | Elf:1    | Killed Asterion
 40816 | Elf:1    | Identified Roxanne's Precepts of Terra Firma
 40816 | Elf:1    | Noticed Roxanne
 41134 | Elf:2    | Received a gift from Trog
 41204 | Elf:2    | Found Doot Asu's Book Emporium.
 41444 | Elf:3    | Entered Level 3 of the Elven Halls
 41743 | Elf:3    | Reached XP level 20. HP: 123/123 MP: 7/21
 41792 | Elf:3    | Received a gift from Trog
 41835 | Elf:3    | Identified the +6 broad axe of the Tortured God {heavy,
                  | Int+3}
 41923 | Elf:3    | Identified the ring of the Trilobite {Str+6 Int+2}
 41935 | Elf:3    | Identified the +3 glaive "Jooxaen" {freeze, rElec rF+ Will-
                  | Int+4}
 42065 | Elf:3    | Reached skill level 27 in Stealth
 42083 | Elf:3    | Identified the +9 quarterstaff of Exej {freeze, Stlth+}
 42083 | Elf:3    | Identified the +8 short sword "Yzomeenn" {heavy, rC+ Int+2
                  | Dex+3}
 42300 | Elf:3    | Identified the scarf of Curiosity {+Inv, rElec rF- Str+3
                  | Int+3}
 42349 | Elf:3    | Identified the ring of Zyte Nac {Fly rN+ Int+6 SInv}
 42371 | Elf:3    | Identified the staff of cold "Gowyell" {rC+ Stlth+}
 42427 | Elf:3    | Identified the staff of earth "Doteg" {Int+6}
 42874 | Vaults:1 | Entered Level 1 of the Vaults
 42931 | Vaults:1 | Received a gift from Trog
 42970 | Vaults:1 | Reached skill level 1 in Shields
 43193 | Vaults:1 | Reached skill level 27 in Dodging
 43264 | Vaults:1 | Found a magical portal.
 43286 | WizLab   | Entered Tukima's Studio
 43312 | WizLab   | Reached skill level 15 in Short Blades
 43503 | WizLab   | Noticed Flugkiller's illusion
 43636 | WizLab   | Identified the +2 cloak of Makhleb's Generosity {+Inv Str+3
                  | Int+3 Dex-4}
 43856 | Vaults:1 | Found Xirodwi's Weapon Emporium.
 44110 | Vaults:1 | Received a gift from Trog
 44610 | Vaults:2 | Reached skill level 5 in Shields
 44666 | Vaults:1 | Reached XP level 21. HP: 123/128 MP: 7/22
 45115 | Vaults:2 | Received a gift from Trog
 45884 | Vaults:3 | Received a gift from Trog
 46349 | Vaults:3 | Found the +27 heavy crossbow "Sniper" {heavy, Acc+∞ SInv}
 46436 | Vaults:3 | Found a staircase to the Crypt.
 46727 | Vaults:4 | Found Laret's Assorted Antiques.
 46858 | Vaults:4 | Received a gift from Trog
 46997 | Vaults:4 | Reached skill level 10 in Shields
 47146 | Vaults:4 | Reached XP level 22. HP: 133/133 MP: 7/23
 47582 | Vaults:4 | Received a gift from Trog
 47971 | Depths:1 | Entered Level 1 of the Depths
 48065 | Depths:1 | Noticed a shard shrike
 48070 | Depths:1 | Noticed a shard shrike
 48073 | Depths:1 | Noticed a shard shrike
 48089 | Depths:1 | Killed a shard shrike
 48095 | Depths:1 | Killed a shard shrike
 48098 | Depths:1 | Killed a shard shrike
 48239 | Depths:1 | Found a one-way gateway to a ziggurat.
 48304 | Depths:1 | Found a gateway to Hell.
 48615 | Depths:1 | Found a one-way gate leading to the halls of Pandemonium.
 49181 | Depths:1 | Acquired 764 gold pieces
 49399 | Depths:2 | Noticed a dread lich
 49416 | Depths:2 | Killed a dread lich
 49523 | Depths:2 | Received a gift from Trog
 49739 | Depths:2 | Noticed Saint Roka
 49758 | Depths:2 | Killed Saint Roka
 50125 | Depths:3 | Noticed Margery
 50126 | Depths:3 | Killed Margery
 50273 | Depths:3 | Found a one-way gate to the infinite horrors of the Abyss.
 50472 | Depths:3 | Reached XP level 23. HP: 137/137 MP: 8/24
 50484 | Depths:3 | Received a gift from Trog
 50805 | Depths:3 | Reached skill level 15 in Shields
 51714 | Depths:3 | Noticed Parghit
 51828 | Depths:3 | Killed Parghit
 51912 | Depths:3 | Identified the ring "Ficinah" {rF+ Will+ Str+5}
 52137 | Depths:4 | Entered Level 4 of the Depths
 52365 | Depths:4 | Found a gate to the Realm of Zot.
 52534 | Depths:4 | Received a gift from Trog
 52535 | Depths:4 | Reached skill level 15 in Evocations
 52863 | Depths:4 | Noticed a caustic shrike
 52863 | Depths:4 | Noticed a caustic shrike
 52865 | Depths:4 | Noticed a caustic shrike
 52866 | Depths:4 | Noticed a caustic shrike
 52866 | Depths:4 | Noticed a caustic shrike
 52873 | Depths:4 | Killed a caustic shrike
 52878 | Depths:4 | Killed a caustic shrike
 52917 | Depths:3 | Killed a caustic shrike
 53115 | Depths:4 | Killed a caustic shrike
 53121 | Depths:4 | Killed a caustic shrike
 53309 | Depths:4 | Received a gift from Trog
 53639 | Depths:4 | Voluntarily entered the Abyss.
 54007 | Abyss:3  | Found a hide-covered altar of Uskayaw.
 54037 | Abyss:3  | Noticed an ancient lich
 54254 | Abyss:3  | Found a corrupted altar of Lugonu.
 54274 | Abyss:3  | Paralysed by accursed screaming for 1 turns
 54326 | Abyss:3  | Got an abyssal rune of Zot
 54550 | Abyss:3  | Reached XP level 24. HP: 145/145 MP: 8/24
 54551 | Depths:4 | Escaped the Abyss
 54589 | Zot:1    | Entered Level 1 of the Realm of Zot
 56435 | Zot:1    | Received a gift from Trog
 57011 | Zot:2    | Found a transporter.
 57207 | Zot:2    | Noticed a Killer Klown
 57216 | Zot:2    | Killed a Killer Klown
 57318 | Zot:2    | Noticed an orb of fire
 57397 | Zot:2    | Found a transporter.
 57520 | Zot:3    | Noticed Vv
 57638 | Zot:3    | Killed Vv
 57847 | Zot:3    | Noticed an orb of fire
 57887 | Zot:3    | Killed an orb of fire
 57892 | Zot:3    | Found a transporter.
 58241 | Zot:3    | Found a transporter.
 58747 | Zot:4    | Identified the ring of Ripliav {rElec Str+6 Int+3 Dex+5
                  | Stlth-}
 58765 | Zot:4    | Noticed a Killer Klown
 58845 | Zot:4    | Killed a Killer Klown
 58845 | Zot:4    | Received a gift from Trog
 59165 | Zot:4    | Noticed an orb of fire
 59414 | Zot:4    | Reached XP level 25. HP: 148/154 MP: 8/24
 59447 | Zot:4    | Gained mutation: You are weak. (Str -2) [an orb of fire]
 59806 | Zot:4    | Received a gift from Trog
 60146 | Zot:4    | Killed an orb of fire
 61118 | Zot:5    | Entered Level 5 of the Realm of Zot
 61517 | Zot:5    | Noticed a Killer Klown
 61517 | Zot:5    | Noticed a dread lich
 61517 | Zot:5    | Noticed an orb of fire
 61517 | Zot:5    | Noticed an orb of fire
 61527 | Zot:5    | Got the Orb of Zot
 61536 | Zot:5    | Noticed a dread lich
 61542 | Zot:5    | Noticed a dread lich
 61551 | Zot:5    | Noticed Deweif the pandemonium lord
 61552 | Zot:5    | Noticed an orb of fire
 61552 | Zot:5    | Noticed an orb of fire
 62096 | D:1      | gg
 62097 | D:$      | Escaped with the Orb!

Illustrated notes

#.....♣.....♣.......####.#
#.................#.......
#......#'''#........#.....
#....###...###......#.##.#
#....#.......#....#.#.##.#
#....#.......#........##.#
#....#.......#...........#
#....#.......#........####
#....#...@...#....#.#.#
#..###.......###..#.#.#
#..#...........#..#.#.# #
#..#.8.....^.8.#..#.#.# ####
#..#...#####...#....#.# ≈≈≈#
#..#####...#####..###.#
≈#######.................# #.#
####...#.................###.#
.....#.#........⌠............#


Turn 62096 on D:1: gg

Levels and vault maps discovered:
D:1:      wander_arrival_estate, layout_loops_ring,
          shapermc_ecumenical_altar_flowoftime, chequers_serial_rivers_small_3
D:2:      layout_loops_ring, serial_shops, nicolae_shop_hallway_plus
D:3:      layout_basic, uniq_natasha
D:4:      layout_basic, mainiacjoe_overflow_brackets, kennysheep_mini,
          uniq_grinder, uniq_crazy_yiuf_cottage
D:5:      layout_rooms, uniq_duvessa, uniq_eustachio
D:6:      layout_basic, minmay_temple_entry_mini_moons
D:7:      layout_basic
D:8:      layout_cave_pools, jmf_multi_god_temple2, roderic_serpentine_path,
          nicolae_hexahallways
D:9:      layout_basic, serial_shops, nicolae_diamond_shop
D:10:     layout_grid_maze, grunt_temple_overflow_open, orc_0_dummy
D:11:     cheibrodos_frozen_isle, layout_stronghold, lair_entry_dummy,
          nicolae_trove_entry_path_of_doom, serial_shops, shop,
          kennysheep_generic_room_10, uniq_josephine
D:12:     layout_loops_ring, ebering_ghost_reflecting_pool
D:13:     layout_stronghold, trog_three_pillars_becter
D:14:     minmay_the_grid_square_5x5_5x5_mashed
          [minmay_the_grid_square_5x5_one_wall, minmay_the_grid_square_5x5_six,
          minmay_the_grid_square_5x5_two_walls_b,
          minmay_the_grid_square_5x5_fancy_junction,
          minmay_the_grid_square_5x5_meh,
          minmay_the_grid_square_5x5_half_checkered,
          minmay_the_grid_square_5x5_prize_open, minmay_the_grid_square_5x5_c,
          minmay_the_grid_square_5x5_prize_open,
          minmay_the_grid_square_5x5_inner_i,
          minmay_the_grid_square_5x5_sharp_hourglass,
          minmay_the_grid_square_5x5_forky,
          minmay_the_grid_square_5x5_prize_gold,
          minmay_the_grid_square_5x5_misaligned,
          minmay_the_grid_square_5x5_comb, minmay_the_grid_square_5x5_corner,
          minmay_the_grid_square_5x5_prize_open,
          minmay_the_grid_square_5x5_almost_minimal,
          minmay_the_grid_square_5x5_prize_snowflake,
          minmay_the_grid_square_5x5_percent, minmay_the_grid_square_5x5_bridge,
          minmay_the_grid_square_5x5_bracketed,
          minmay_the_grid_square_5x5_inner_v,
          minmay_the_grid_square_5x5_longway,
          minmay_the_grid_square_5x5_minibox], layout_cave_pods, david_vaults_1,
          special_room [special_room_mythical_zoo], solitary_fountain
D:15:     grunt_enter_depths_magical_seal, layout_cave_pods,
          minmay_misc_feat_rugged
Lair:1:   layout_big_grid, gammafunk_ghost_hydra_chop, guppyfry_lair_drakes
Lair:2:   layout_roguey, minmay_shoals_entry_centaurs,
          maelrawn_ghost_gauntlet_escape, uniq_nergalle
Lair:3:   layout_roguey, guppyfry_snake_entry_island, small_statue_intersection,
          infiniplex_staircase_pool, uniq_amaemon, uniq_gastronok
Lair:4:   layout_roguey, gauntlet_entry_generic
Lair:5:   minmay_lair_end_enchanted_forest, layout_loops_ring,
          nicolae_slime_entry_field_trip
Shoals:1: layout_shoals, portal_ice_cave_entry_pillars_four,
          nicolae_shoals_wave_tunnel
Shoals:2: layout_shoals, gammafunk_ghost_tricky_traps
Shoals:3: layout_shoals, nicolae_shoals_cliffside_cave, nicolae_shoals_gull_way
Shoals:4: shoals_end_hellmonk_storm_palace [storm_palace_center_square,
          storm_palace_corner_grid, storm_palace_corner_blocked,
          storm_palace_corner_narrow, storm_palace_corner_pillars]
Snake:1:  layout_cave_pods, minmay_shoptagon, serial_bayou_shore_b
Snake:2:  layout_layer_cave, st_stairs_10, serial_bayou_shore_b,
          grunt_megastairs_1
Snake:3:  nicolae_snake_attic_fulla_snakes, layout_cave_shapes
Snake:4:  grunt_snake_rune_serpentine_throne, layout_chambers, uniq_aizul
Orc:1:    layout_diamond_mine, mines5_lemuel, uniq_urug
Orc:2:    st_orc_pillars, layout_caves
Elf:1:    minmay_elf_arrival_summoners, layout_rooms, minmay_elf_sorcery,
          uniq_roxanne, uniq_asterion, uniq_kirke
Elf:2:    nicolae_elf_blades_splatter_lattice [nicolae_blade_lattice],
          layout_gridlike, serial_shops, shop, grunt_megastairs_2
Elf:3:    grunt_elf_hall_diamonds, layout_loops_cross, feat_on_display
Vaults:1: infiniplex_enter_wizlab_glasses,
          nicolae_vaults_windows_and_doors_thing,
          nicolae_vaults_mini_display_case, v_alt_pattern_3,
          hangedman_vaults_capsules, nicolae_vaults_loss_of_containment,
          hangedman_vaults_maws, nicolae_vaults_house_2,
          layout_vaults_quadrants, serial_shops, shop
Vaults:2: v_misc_1, nicolae_vaults_frosty_reception,
          nicolae_vaults_hexular_roomagon, vaults_room_semicircle, v_misc_1,
          grunt_vaults_funnel, nicolae_vaults_lightning_bolt,
          vaults_room_fancy_cross, nicolae_vaults_mitosis,
          nicolae_vaults_closet_pinwheel_5, nicolae_vaults_house_3,
          nicolae_vaults_rhombus_5, nicolae_vaults_shipping_containers_3,
          nicolae_vaults_little_squares_1, grunt_vaults_hallway_short,
          layout_vaults_omnibox
Vaults:3: nicolae_vaults_yaktaur_gun_rack, nicolae_vaults_tetromino_L_2,
          nicolae_vaults_sightless_eye, nicolae_vaults_security_offices_4,
          nicolae_vaults_prndl, v_misc_18, v_rooms_4,
          nicolae_vaults_tetromino_T_2, minmay_crypt_entry_simple_plaza,
          v_misc_24, serial_ice_m, layout_vaults_big_room
Vaults:4: vaults_mumra_hex, hangedman_vaults_nails, nicolae_vaults_trapezoid_3,
          v_pattern_3, v_rooms_4, ontoclasm_vaults_shuriken,
          nicolae_vaults_puzzle_piece, nicolae_vaults_house_2,
          nicolae_vaults_apartment_2, v_misc_9, nicolae_vaults_gold_heap,
          layout_vaults_omnicross, serial_shops, shop
Depths:1: minmay_coctagon, layout_gridville, enter_ziggurat_b,
          grunt_mini_vestibule, grunt_pan_entry_zigzag,
          minmay_stone_trees_small, item_on_display_a
Depths:2: hellmonk_paralyzer, layout_twisted_cross, grunt_hell_entry_dis_mu,
          kennysheep_decorative_pillar, serial_sigils,
          serial_sigils_hangedman_stare, serial_sigils_hangedman_etch,
          serial_sigils_hangedman_scratch, serial_sigils_hangedman_writhe,
          pan_entry, hangedman_decor_clover_reticule, uniq_saint_roka
Depths:3: kennysheep_four_of_diamonds, layout_gridlike, hell_entry,
          roderic_lattice_a, abyss_entry, uniq_margery, uniq_parghit
Depths:4: grunt_zot_entry_alcove, layout_gridville, hangedman_abyss_entry_splay,
          minmay_splitting_lines, hangedman_tar_grid_catacomb, pan_entry
Zot:1:    lemuel_draconian_sentries, layout_misc_corridors,
          st_single_dragon_hoard_1
Zot:2:    gammafunk_the_bubble [the_bubble_gammafunk_roulette],
          layout_concentric_octagons
Zot:3:    gammafunk_dig_for_victory, layout_cathedral_of_symmetry, uniq_vv
Zot:4:    layout_concentric_octagons, hangedman_player_shredder
Zot:5:    layout_misc_corridors

Skill      XL: |  1  2  3  4  5  6  7  8  9 10 11 12 13 14 15 16 17 18 19 20 21 22 23 24 25 |
---------------+----------------------------------------------------------------------------+-----
Stealth        | 2 4 5 6 8 14 15 17 20 21 25 27 | 27.0
Fighting       | 3 4 5 6 9 12 13 18 19 20 21 23 24 | 24.2
Short Blades   | 4 5 7 8 10 12 14 17 20 | 20.0
Dodging        | 5 6 7 8 10 11 15 19 20 22 24 25 27 | 27.0
Evocations     | 1 6 10 12 14 16 19 20 | 20.0
Shields        | 5 10 14 15 | 15.0

Action                     |  1- 3 |  4- 6 |  7- 9 | 10-12 | 13-15 | 16-18 | 19-21 | 22-24 | 25-27 || total
---------------------------+-------+-------+-------+-------+-------+-------+-------+-------+-------++-------
  Melee: Short sword       |   207 |   177 |   139 |       |       |       |       |       |       ||   523
         Punch             |     3 |     4 |    13 |    18 |    33 |    84 |    71 |    39 |       ||   265
         Dagger            |       |       |   566 |   766 |  1356 |       |       |       |       ||  2688
         Quick blade       |       |       |       |       |   461 |  3573 |  2588 |  3336 |   718 || 10676
         Kick              |       |       |       |       |       |   163 |  1460 |  2190 |   488 ||  4301
   Fire: Orcbow            |       |       |     1 |       |       |       |       |       |       ||     1
  Throw: Dart              |       |       |     6 |     6 |     8 |    10 |       |       |       ||    30
 Invoke: Berserk           |       |     8 |     7 |     3 |     4 |     3 |       |     3 |       ||    28
         Brothers in Arms  |       |       |       |       |     2 |       |       |     9 |     3 ||    14
  Evoke: Wand              |       |       |       |     5 |    14 |    11 |       |    11 |     3 ||    44
         Condenser vane    |       |       |       |       |     1 |     1 |     1 |       |       ||     3
         Phantom mirror    |       |       |       |       |       |       |       |     1 |       ||     1
    Use: Scroll            |     2 |     3 |     3 |     9 |     8 |    11 |     1 |     7 |     6 ||    50
         Potion            |       |       |       |       |     1 |     4 |       |     3 |     4 ||    12
   Stab: Sleeping          |    20 |     5 |     6 |    20 |    27 |    59 |    82 |    61 |     2 ||   282
         Distracted        |       |       |     3 |     4 |    14 |    14 |    19 |    37 |     4 ||    95
         Confused          |       |       |       |       |       |       |       |       |     4 ||     4
 Armour: Robe              |    18 |    15 |    61 |    75 |   209 |    94 |    37 |    57 |    12 ||   578
  Dodge: Dodged            |   149 |    83 |   416 |   508 |  1738 |  2051 |  1230 |  1691 |   359 ||  8225
  Block: Buckler           |       |       |       |       |       |       |       |   394 |   130 ||   524

Table legend: (Time is in decaauts)
 A = Elapsed time spent in this place.
 B = Non-inter-level travel time spent in this place.
 C = Inter-level travel time spent in this place.
 D = Time resting spent in this place.
 E = Time spent auto-exploring this place.
 F = Levels seen in this place.
 G = Mean time per level.
                   A        B        C        D        E       F      G
               +--------+--------+--------+--------+--------+-----+--------+
         Total |  41774 |  38274 |   3500 |   7826 |  14943 |  52 |  803.3 |
       Dungeon |  15011 |  13383 |   1628 |   3108 |   5309 |  15 | 1000.7 |
          Lair |   4816 |   4350 |    466 |   1120 |   1547 |   5 |  963.2 |
        Shoals |   2982 |   2837 |    145 |    553 |   1183 |   4 |  745.5 |
     Snake Pit |   3711 |   3435 |    276 |    616 |   1646 |   4 |  927.8 |
  Orcish Mines |   1328 |   1205 |    123 |     71 |    545 |   2 |  664.0 |
   Elven Halls |   1546 |   1439 |    107 |    102 |    639 |   3 |  515.3 |
        Vaults |   2802 |   2645 |    157 |     39 |   1582 |   4 |  700.5 |
        Depths |   3704 |   3308 |    396 |    554 |   1589 |   4 |  926.0 |
           Zot |   4200 |   4002 |    198 |   1381 |    711 |   5 |  840.0 |
         Abyss |    577 |    577 |      0 |     52 |     28 |   3 |  192.3 |
      Ice Cave |    417 |    417 |      0 |    107 |      0 |   1 |  417.0 |
        Wizlab |    365 |    365 |      0 |    107 |     45 |   1 |  365.0 |
      Gauntlet |    310 |    310 |      0 |     12 |    114 |   1 |  310.0 |
               +--------+--------+--------+--------+--------+-----+--------+

Top non-repeatable levels by time:
    D:14: 1649 daAuts
    D:13: 1644 daAuts
   Zot:4: 1515 daAuts
  Lair:3: 1414 daAuts
Depths:3: 1410 daAuts
   Zot:3: 1399 daAuts
 Snake:4: 1248 daAuts
     D:6: 1234 daAuts
Shoals:1: 1142 daAuts
     D:8: 1130 daAuts
    D:11: 1066 daAuts
  Lair:5: 1062 daAuts
 Snake:2: 1021 daAuts
     D:3: 965 daAuts
   Zot:1: 952 daAuts
